 Dungeon Crawl Stone Soup version 0.22.1-1-ga44c0e5 (webtiles) character file.

339 Stepladder the Ducker (level 6, -1/48 HPs)
             Began as a Merfolk Gladiator on Oct 1, 2018.
             Killed by divine providence
             ... invoked by an orc priest
              (14 damage)
             ... on level 4 of the Dungeon.
             The game lasted 00:14:54 (5136 turns).

Stepladder the Ducker (Merfolk Gladiator)           Turns: 5136, Time: 00:14:56

Health: -1/48      AC:  4    Str: 16    XL:     6   Next: 55%
Magic:  6/6        EV: 16    Int:  8    God:
Gold:   216        SH:  0    Dex: 15    Spells: 5/5 levels left

rFire    . . .     SeeInvis .   a - +1 long sword
rCold    . . .     Gourm    .   (no shield)
rNeg     . . .     Faith    .   b - +0 leather armour
rPois    .         Spirit   .   c - +0 helmet
rElec    .         Reflect  .   (no cloak)
rCorr    .         Harm     .   (no gloves)
MR       .....                  (no boots)
Stlth    +.........             (no amulet)
HPRegen  0.16/turn              (no ring)
MPRegen  0.10/turn              (no ring)

@: no status effects
A: change form in water, swift swim, stealthy swim
a: no special abilities


You were on level 4 of the Dungeon.
You were hungry.

You visited 1 branch of the dungeon, and saw 5 of its levels.

You collected 216 gold pieces.

Inventory:

Hand Weapons
 a - a +1 long sword (weapon)
 l - a +0 hunting sling
Missiles
 d - 3 throwing nets (quivered)
 n - 65 stones
 q - 50 sling bullets
 u - 3 silver javelins
 w - a tomahawk
Armour
 b - a +0 leather armour (worn)
 c - a +0 helmet (worn)
 t - a +0 scale mail of fire resistance
Wands
 i - a wand of disintegration (12)
 m - a wand of random effects (16)
Scrolls
 g - 2 scrolls of identify
 o - 3 scrolls of remove curse
 r - a scroll of teleportation {unknown}
 s - a scroll of magic mapping {unknown}
Potions
 h - 3 potions of curing
 j - 2 potions of ambrosia {unknown}
 k - a potion of heal wounds {unknown}
 p - 2 potions of flight {unknown}
Comestibles
 f - 10 rations
 v - 5 chunks of flesh


   Skills:
 + Level 4.1 Fighting
 + Level 4.7 Long Blades
 - Level 2.0 Throwing
 * Level 7.2 Dodging


You had 5 spell levels left.
You didn't know any spells.
Your spell library contained the following spells:

 Spells                   Type           Power        Failure   Level  Hunger
 Sting                    Conj/Pois      #...         47%         1    ##.....
 Poisonous Vapours        Pois/Air       #.....       63%         2    ###....
 Mephitic Cloud           Conj/Pois/Air  #.......     85%         3    ####...
 Olgreb's Toxic Radiance  Pois           #.......     99%         4    #####..
 Venom Bolt               Conj/Pois      #.........   100%        5    ######.


Dungeon Overview and Level Annotations

Branches:
Dungeon (5/15)
 Temple: D:4-7

Altars:
Dithmenos
Qazlal
Zin

Annotations:
D:4 1 runed door


Message History

Press: ? - help, Shift-Dir - straight line, f/p - orc priest
Aim: an orc priest, wearing a ring mail (almost dead)
You throw a steel tomahawk.
The steel tomahawk barely misses the orc priest.
The orc priest calls down the wrath of Beogh upon you.
Beogh smites you!
* * * LOW HITPOINT WARNING * * *
Throwing (i - inventory. (/) - cycle)
e - a steel tomahawk (quivered)
Press: ? - help, Shift-Dir - straight line, f/p - orc priest
Aim: an orc priest, wearing a ring mail (almost dead)
You throw a steel tomahawk.
The steel tomahawk closely misses the orc priest.
The orc priest misses you.
You completely miss the orc priest.
The orc priest is almost dead.
The orc priest calls upon Beogh to heal the orc priest.
The orc priest is healed somewhat.
The orc priest calls down the wrath of Beogh upon you.
Beogh smites you!
You die...

.# ########o#
##
#####.(.....#
#......######
#.....(....#
#......#.#.#
#......(.#.#
#......o.#.#
####..#o.#.#
#..#@.#.#
#..#..#.#
#..#..#.#
#..#..#.# #
#..#..#.# #
####..#..#.#
#
#.....#..#.#
#
#....<#..#.#
#
#.....#..#.#


You could see 2 orc priests.

Vanquished Creatures
  A hound (D:5)
  Ijyb (D:3)
  An iguana (D:5)
  2 worker ants
  A worker ant zombie (D:5)
  4 gnolls
  8 adders
  An ooze (D:1)
  5 leopard geckos
  8 orcs
  5 giant cockroaches
  3 goblins
  8 hobgoblins
  3 jackals (D:4)
  7 kobolds
  A quokka (D:2)
  10 bats
  5 frilled lizards
  6 rats
80 creatures vanquished.

Notes
Turn   | Place    | Note
-------+----------+-------------------------------------------
     0 | D:1      | Stepladder the Merfolk Gladiator began the quest for the
                  | Orb.
     0 | D:1      | Reached XP level 1. HP: 16/16 MP: 1/1
   181 | D:1      | Reached XP level 2. HP: 13/23 MP: 2/2
   950 | D:2      | Reached XP level 3. HP: 24/28 MP: 3/3
  1114 | D:2      | Reached skill level 5 in Dodging
  1586 | D:2      | Found a glowing silver altar of Zin.
  1766 | D:3      | Reached XP level 4. HP: 35/35 MP: 4/4
  2215 | D:3      | Noticed Ijyb
  2245 | D:3      | Killed Ijyb
  2245 | D:3      | Reached XP level 5. HP: 29/41 MP: 5/5
  2353 | D:3      | Reached skill level 6 in Dodging
  2728 | D:3      | Found a faded altar of an unknown god.
  3472 | D:4      | Found a stormy altar of Qazlal.
  3630 | D:4      | Found a shadowy altar of Dithmenos.
  3761 | D:4      | Found a runed door.
  4075 | D:5      | Entered Level 5 of the Dungeon
  4093 | D:5      | Reached XP level 6. HP: 39/48 MP: 6/6
  4437 | D:5      | Reached skill level 7 in Dodging
  4541 | D:5      | Noticed an ice beast
  5136 | D:4      | Killed from afar by an orc priest

Skill      XL: |  1  2  3  4  5  6 |
---------------+-------------------+-----
Dodging        | 5 6 7 |  7.2
Fighting       | 3 4 |  4.1
Long Blades    | 4 |  4.7
Throwing       | |  2.0

Action                   |  1- 3 |  4- 6 || total
-------------------------+-------+-------++-------
Melee: Long sword        |    84 |   162 ||   246
Throw: Stone             |       |    13 ||    13
       Throwing net      |       |     1 ||     1
       Tomahawk          |       |     5 ||     5
  Use: Scroll            |     4 |     2 ||     6
       Potion            |       |     1 ||     1
 Stab: Sleeping          |     1 |       ||     1
  Eat: Chunk             |     2 |    11 ||    13
Armor: Leather armour    |    24 |    33 ||    57
Dodge: Dodged            |    88 |   157 ||   245
       Rpst.: Long sword |    28 |    42 ||    70
